 Dungeon Crawl Stone Soup version bcrawl-1.23.3 (webtiles) character file.

Game seed: 9902888653420894226

108 Morbidden the Shooter (level 4, 0/36 HPs)
             Began as a Centaur Hunter on June 4, 2020.
             Shot with an arrow by a centaur (13 damage)
             ... on level 3 of the Dungeon.
             The game lasted 00:06:13 (2266 turns).

Morbidden the Shooter (Centaur Hunter)              Turns: 2266, Time: 00:06:14

Health: 0/36       AC:  4    Str: 16    XL:     4   Next: 58%
Magic:  4/4        EV: 10    Int: 10    God:
Gold:   213        SH:  0    Dex:  9    Spells: 3/3 levels left

rFire    . . .     SeeInvis .   a - +2 shortbow
rCold    . . .     Gourm    .   (shield currently unavailable)
rNeg     . . .     Faith    .   (no armour)
rPois    .         Spirit   .   m - +0 helmet
rElec    .         Reflect  .   (no cloak)
rCorr    .         Harm     .   (no gloves)
MR       .....                  (no barding)
Stlth    +.........             (no amulet)
HPRegen  0.12/turn              (no ring)
MPRegen  0.09/turn              (no ring)

@: very quick
A: large, hooves 3, deformed body, speed 2, tough skin 3
a: no special abilities


You were on level 3 of the Dungeon.
You were not hungry.

You visited 1 branch of the dungeon, and saw 3 of its levels.

You collected 213 gold pieces.

Inventory:

Hand Weapons
 a - a +2 shortbow (weapon)
 b - a +0 short sword
Missiles
 d - 293 arrows (quivered)
 l - 105 tomahawks of dispersal
 p - 136 tomahawks
Armour
 c - a +0 leather armour
 m - a +0 helmet (worn)
 r - a +0 chain mail
Magical Staves
 n - an uncursed staff of conjuration
Scrolls
 g - a scroll of enchant weapon {unknown}
 i - 3 scrolls of identify
 j - a scroll of remove curse {unknown}
 o - a scroll of fog {unknown}
Potions
 f - 2 potions of curing {unknown}
 h - a potion of invisibility {unknown}
 k - a potion of berserk rage {unknown}
 s - a potion of degeneration {unknown}
Comestibles
 e - 7 rations {!d}
 q - 3 chunks of flesh


   Skills:
 * Level 2.2 Fighting
 + Level 1.4 Short Blades
 * Level 7.1 Bows
 + Level 0.7 Armour
 + Level 1.5 Dodging
 + Level 0.5 Stealth


You had 3 spell levels left.
You didn't know any spells.
Your spell library was empty.

Dungeon Overview and Level Annotations

Branches:
Dungeon (3/12)

Altars:
Cheibriados
Qazlal
Vehumet

Annotations:
D:3 2 transporters


Innate Abilities, Weirdness & Mutations

You have hooves in place of feet.
Armour fits poorly on your strangely shaped body.
You cover ground very quickly.
You have extremely tough skin. (AC +3)


Message History

Press: ? - help, Shift-Dir - straight line, f - centaur
Aim: a centaur, wielding a +0 shortbow and quivering 171 arrows You shoot an arrow.
The arrow closely misses the centaur.
The centaur shoots an arrow.
The arrow hits you!
You are too injured to fight recklessly!
No path to travel!
Firing (i - inventory. (/) - cycle)
d - 295 arrows (quivered)
Press: ? - help, Shift-Dir - straight line, f/p - centaur
Aim: a centaur, wielding a +0 shortbow and quivering 170 arrows You shoot an arrow.
The arrow hits the centaur but does no damage.
The centaur shoots an arrow.
The arrow hits you.
The centaur shoots an arrow.
The arrow hits you.
Firing (i - inventory. (/) - cycle)
d - 294 arrows (quivered)
Press: ? - help, Shift-Dir - straight line, f/p - centaur
Aim: a centaur, wielding a +0 shortbow and quivering 168 arrows You shoot an arrow.
The arrow hits the centaur.
The centaur is lightly wounded.
The centaur shoots an arrow.
The arrow hits you!
You die...

.####)#### #...# ....
.##......# #...# ###
.........# #...# #
.##.#....#######...#######
..........................
#
.รท.).)....................
.#
.##.##.##.................
..# .##.##.#########...####
##... .......# #@..# ...
###.#### #)..# #####.# #.#
#...# #.h)..# ###.# #...#
##.###..# ....# #...# #..#
....# .#..# #..c#
#..##.##... ....#
###..####....# ... ##.##
#............# #h ...#
#.#...###.#....# .


You could see a centaur.

Vanquished Creatures
  An adder (D:3)
  An ooze (D:3)
  A worm (D:1)
  A dart slug (D:1)
  6 leopard geckos
  10 orcs
  2 ball pythons (D:1)
  4 bats
  2 giant cockroaches (D:1)
  8 goblins
  3 hobgoblins
  4 jackals
  8 kobolds
  2 quokkas (D:2)
  7 frilled lizards
  6 rats
66 creatures vanquished.

Notes
Turn   | Place    | Note
-------+----------+-------------------------------------------
     0 | D:1      | Morbidden the Centaur Hunter began the quest for the Orb.
     0 | D:1      | Reached XP level 1. HP: 17/17 MP: 1/1
   115 | D:1      | Reached skill level 6 in Bows
   115 | D:1      | Reached XP level 2. HP: 21/24 MP: 2/2
   523 | D:1      | Reached XP level 3. HP: 29/29 MP: 3/3
  1197 | D:2      | Found a radiant altar of Vehumet.
  1676 | D:2      | Reached XP level 4. HP: 23/36 MP: 4/4
  1765 | D:3      | Found a snail-covered altar of Cheibriados.
  1766 | D:3      | Found a transporter.
  1767 | D:3      | Found a stormy altar of Qazlal.
  1772 | D:3      | Found a transporter.
  1804 | D:3      | Noticed a centaur
  1876 | D:3      | Reached skill level 1 in Short Blades
  1955 | D:3      | Reached skill level 7 in Bows
  2266 | D:3      | Shot with an arrow by a centaur

Skill      XL: |  1  2  3  4 |
---------------+-------------+-----
Bows           | 6 7 |  7.1
Short Blades   | 1 |  1.4
Fighting       | |  2.2
Armour         | |  0.7
Dodging        | |  1.5
Stealth        | |  0.5

Action                   |  1- 3 |  4- 6 || total
-------------------------+-------+-------++-------
Melee: Short sword       |    92 |    15 ||   107
       Kick              |    11 |     4 ||    15
 Fire: Shortbow          |    72 |    21 ||    93
  Use: Scroll            |     1 |       ||     1
  Eat: Chunk             |     1 |     2 ||     3
Armor: Leather armour    |    48 |     3 ||    51
       Skin              |       |     3 ||     3
Dodge: Dodged            |    59 |    18 ||    77
